 Dungeon Crawl Stone Soup version 0.29-a0-577-gafbf2c5d25 (webtiles) character file.

Game seed: 9520528577062364933

134 spaghetti the Covert (level 5, -1/47 HPs)
             Began as a Gnoll Delver on June 13, 2022.
             Slain by Edmund
             ... wielding a +2 flail of protection
              (5 damage)
             ... on level 4 of the Dungeon.
             The game lasted 00:02:15 (911 turns).

spaghetti the Covert (Gnoll Delver)                  Turns: 911, Time: 00:02:15

Health: -1/47      AC: 12    Str: 12 (13) XL:     5   Next: 17%
Magic:  5/5        EV: 11    Int:  9 (10) God:
Gold:   4          SH:  0    Dex: 12 (13) Spells: 6/6 levels left

rFire   . . .      SeeInvis .     - Unarmed
rCold   . . .      Faith    .   (no shield)
rNeg    . . .      Spirit   .   g - +7 ring mail of the Onion {Rampage}
rPois   .          Reflect  .   (no helmet)
rElec   .          Harm     .   (no cloak)
rCorr   .          Rampage  +   (no gloves)
Will    .....      Clarity  +   (no boots)
Stlth   +++.......              (no amulet)
HPRegen 0.15/turn               (no ring)
MPRegen 0.09/turn               (no ring)

@: mighty, hasted, very quick
A: fangs 1, strong nose, distributed training, clarity, low MP 2
a: no special abilities


You were on level 4 of the Dungeon.
You visited 1 branch of the dungeon, and saw 2 of its levels.
You also visited: Ossuary.

You collected 4 gold pieces.


Innate Abilities, Weirdness & Mutations

You have very sharp teeth.
Your uncanny sense of smell can sniff out nearby items.
Your experience applies equally to all skills.
You possess an exceptional clarity of mind.
Your magical capacity is very low. (-20% MP)


   Skills:
 + Level 6.6 Fighting
 + Level 1.4 Short Blades
 + Level 1.4 Long Blades
 + Level 1.4 Axes
 + Level 1.4 Maces & Flails
 + Level 1.4 Polearms
 + Level 1.4 Staves
 + Level 1.4 Slings
 + Level 1.4 Bows
 + Level 1.4 Crossbows
 + Level 1.4 Throwing
 + Level 1.4 Armour
 + Level 4.7 Dodging
 + Level 9.6 Stealth
 + Level 1.4 Shields
 + Level 4.7 Unarmed Combat
 + Level 1.4 Spellcasting
 + Level 1.1 Conjurations
 + Level 1.1 Hexes
 + Level 1.1 Summonings
 + Level 1.1 Necromancy
 + Level 1.1 Translocations
 + Level 1.1 Transmutations
 + Level 1.1 Fire Magic
 + Level 1.1 Ice Magic
 + Level 1.1 Air Magic
 + Level 1.1 Earth Magic
 + Level 1.1 Poison Magic
 + Level 1.5 Invocations
 + Level 1.4 Evocations


You had 6 spell levels left.
You didn't know any spells.
Your spell library contained the following spells:

 Spells                   Type           Power      Damage    Failure   Level
 Summon Small Mammal      Summ           8%         N/A       45%         1
 Call Canine Familiar     Summ           2%         N/A       83%         3
 Summon Guardian Golem    Hex/Summ       2%         N/A       83%         3

Inventory:

Armour
 a - a +0 leather armour
 g - the +7 ring mail of the Onion (worn) {Rampage}
   (You found it on level 5 of the Dungeon)

   Rampage:   It bestows one free step when moving towards enemies.
Wands
 f - a wand of digging (3)
Scrolls
 b - a scroll of fog
 c - a scroll of magic mapping {!r}
 l - a scroll of teleportation {unknown}
 p - a scroll of immolation {unknown}
Potions
 e - 3 potions of haste {@q3}
 j - a potion of curing {@q1}
 k - 3 potions of might

Dungeon Overview and Level Annotations

Branches:
Dungeon (5/15)            Ossuary (visited)
 Temple: D:4-7

Altars:

Annotations:
D:4 Edmund

##.# #
##..#####.#
##8..8#.....
#.......#..#
#..>.......#
##8..8####.
##.S## ##@#
#@# ###


You could see Edmund (poisoned, ally target) and a friendly adder (summoned).


Message History

You punch the goblin!
You kill the goblin!
You closely miss Edmund.
Edmund hits you with a +2 flail of protection.
* * * LOW HITPOINT WARNING * * *
😨 HP[-3]
You take 3 damage, and now have 18/47 hp.
You closely miss Edmund. Edmund hits you but does no damage.
You completely miss Edmund.
Edmund says, "I might not be good at magic, but I can still kill you!"
Edmund misses you.
You barely miss Edmund.
Edmund hits you with a +2 flail of protection.
* * * LOW HITPOINT WARNING * * *
😨 HP[-4]
You take 4 damage, and now have 14/47 hp.
You hit Edmund.
Edmund hits you with a +2 flail of protection.
* * * LOW HITPOINT WARNING * * *
😱 HP[-3]
You take 3 damage, and now have 11/47 hp.
You barely miss Edmund.
Edmund hits you with a +2 flail of protection.
* * * LOW HITPOINT WARNING * * *
😱 HP[-2]
You take 2 damage, and now have 9/47 hp.
You barely miss Edmund. Your bite misses Edmund.
Edmund hits you with a +2 flail of protection!
* * * LOW HITPOINT WARNING * * *
😱 HP[-8]
You take 8 damage, and now have 1/47 hp.
Okay, then.
As you read the scroll of fear, it crumbles to dust.
You assume a fearsome visage.
The orc looks frightened!
Edmund looks frightened!
Edmund screams, "Help!"
As you read the scroll of summoning, it crumbles to dust.
Wisps of shadow whirl around you...
Edmund starts to cry.
What are your orders? t - Bark!
Orders for allies: a - Attack new target. p - Attack previous target. r - Retreat! s - Stop attacking. g - Guard the area. f - Follow me.
Anything else - Cancel.
Gang up on whom?
Press: ? - help, Dir - move target, f/p - Edmund
Aim: Edmund, wielding a +2 flail of protection and wearing a +0 leather armour (lightly wounded, fleeing, ally target) Attack!
The orc starts to cry.
Your adder closely misses Edmund. 😱 HP[+1]
You start resting.
Edmund is nearby! 😱 HP[+1] Edmund is nearby!
What are your orders? t - Bark!
Orders for allies: a - Attack new target. p - Attack previous target. r - Retreat! s - Stop attacking. g - Guard the area. f - Follow me.
Anything else - Cancel.
Gang up on whom?
Press: ? - help, Dir - move target, f/p - Edmund
Aim: Edmund, wielding a +2 flail of protection and wearing a +0 leather armour (lightly wounded, ally target) Attack!
Your goblin barely misses Edmund.
Your adder bites Edmund.
Edmund hits your goblin with a +2 flail of protection!
Your goblin dies!
Your goblin's corpse dissolves into shadows!
Your adder bites Edmund but does no damage. x2
Your adder's attack snaps Edmund out of his fear.
You feel yourself speed up.
Your adder barely misses Edmund.
Edmund is nearby!
Aiming: Paralyse
Press: ? - help, Shift-Dir - straight line, f/p - Edmund
Aim: Edmund, wielding a +2 flail of protection and wearing a +0 leather armour (lightly wounded, ally target, chance to affect: 51%) Edmund resists with significant effort.
Your adder bites Edmund.
Edmund is poisoned.
Your adder poisons Edmund!
Aiming: Paralyse
Press: ? - help, Shift-Dir - straight line, f/p - Edmund
Aim: Edmund, wielding a +2 flail of protection and wearing a +0 leather armour (lightly wounded, poisoned, ally target, chance to affect: 51%) Edmund resists with significant effort. 😱 HP[+1]
Aiming: Paralyse
Press: ? - help, Shift-Dir - straight line, f/p - Edmund
Aim: Edmund, wielding a +2 flail of protection and wearing a +0 leather armour (lightly wounded, poisoned, ally target, chance to affect: 51%) Edmund resists with significant effort.
The now-empty wand crumbles to dust.
No previous command to re-do.
Okay, then.
Okay, then.
You hit Edmund but do no damage. You hit Edmund. You punch Edmund.
Your adder bites Edmund but does no damage.
Edmund barely misses you.
You hit Edmund. Your punch misses Edmund. Your bite misses Edmund.
Your adder barely misses Edmund.
Edmund hits you with a +2 flail of protection.
You die...

Skill      XL: |  1  2  3  4 |
---------------+-------------+-----
Stealth        | |  9.6
Short Blades   | 1 |  1.4
Long Blades    | 1 |  1.4
Axes           | 1 |  1.4
Maces & Flails | 1 |  1.4
Polearms       | 1 |  1.4
Staves         | 1 |  1.4
Slings         | 1 |  1.4
Bows           | 1 |  1.4
Crossbows      | 1 |  1.4
Throwing       | 1 |  1.4
Armour         | 1 |  1.4
Shields        | 1 |  1.4
Spellcasting   | 1 |  1.4
Invocations    | 1 |  1.5
Evocations     | 1 |  1.4
Conjurations   | 1 |  1.1
Hexes          | 1 |  1.1
Summonings     | 1 |  1.1
Necromancy     | 1 |  1.1
Translocations | 1 |  1.1
Transmutations | 1 |  1.1
Fire Magic     | 1 |  1.1
Ice Magic      | 1 |  1.1
Air Magic      | 1 |  1.1
Earth Magic    | 1 |  1.1
Poison Magic   | 1 |  1.1
Fighting       | |  6.6
Dodging        | |  4.7
Unarmed Combat | |  4.7

Action                   |  1- 3 |  4- 6 || total
-------------------------+-------+-------++-------
Melee: Unarmed           |    73 |   113 ||   186
       Bite              |    10 |    18 ||    28
       Punch             |     2 |     4 ||     6
Evoke: Wand              |       |     3 ||     3
  Use: Potion            |       |     6 ||     6
       Scroll            |       |     4 ||     4
 Stab: Sleeping          |     3 |     1 ||     4
Armor: Ring mail         |    31 |    39 ||    70
Dodge: Dodged            |    32 |    79 ||   111

Levels and vault maps discovered:
D:4:      layout_basic, kennysheep_mini, temple_hall, st_stairs_6,
          kennysheep_generic_room_7, uniq_edmund
D:5:      layout_rooms, mainiacjoe_overflow_catwalk_spiral,
          chequers_ossuary_entry_cave, cheibrodos_sewer_entry_drain

Notes
Turn   | Place    | Note
-------+----------+-------------------------------------------
     0 | D:5      | Reached skill level 9 in Stealth
     0 | D:5      | spaghetti the Gnoll Delver began the quest for the Orb.
     0 | D:5      | Reached XP level 1. HP: 23/23 MP: 1/1
     0 | D:5      | magus.rc [v1.9.6]
    10 | D:5      | Identified the +7 ring mail of the Onion {Rampage}
    24 | D:5      | You pick up a book of Callings and begin reading...
    24 | D:5      | You add the spells Summon Small Mammal, Call Canine
                  | Familiar and Summon Guardian Golem to your library.
    35 | D:5      | Found a sand-covered staircase.
    44 | Ossuary  | Entered an ossuary
    77 | Ossuary  | Reached XP level 2. HP: 28/29 MP: 2/2
   185 | Ossuary  | Reached XP level 3. HP: 27/35 MP: 3/3
   197 | Ossuary  | Reached skill level 1 in Short Blades
   197 | Ossuary  | Reached skill level 1 in Long Blades
   197 | Ossuary  | Reached skill level 1 in Axes
   197 | Ossuary  | Reached skill level 1 in Maces & Flails
   197 | Ossuary  | Reached skill level 1 in Polearms
   197 | Ossuary  | Reached skill level 1 in Staves
   197 | Ossuary  | Reached skill level 1 in Slings
   197 | Ossuary  | Reached skill level 1 in Bows
   197 | Ossuary  | Reached skill level 1 in Crossbows
   197 | Ossuary  | Reached skill level 1 in Throwing
   197 | Ossuary  | Reached skill level 1 in Armour
   197 | Ossuary  | Reached skill level 1 in Shields
   197 | Ossuary  | Reached skill level 1 in Spellcasting
   197 | Ossuary  | Reached skill level 1 in Invocations
   197 | Ossuary  | Reached skill level 1 in Evocations
   197 | Ossuary  | Reached XP level 4. HP: 13/41 MP: 3/5
   454 | Ossuary  | Reached skill level 1 in Conjurations
   454 | Ossuary  | Reached skill level 1 in Hexes
   454 | Ossuary  | Reached skill level 1 in Summonings
   454 | Ossuary  | Reached skill level 1 in Necromancy
   454 | Ossuary  | Reached skill level 1 in Translocations
   454 | Ossuary  | Reached skill level 1 in Transmutations
   454 | Ossuary  | Reached skill level 1 in Fire Magic
   454 | Ossuary  | Reached skill level 1 in Ice Magic
   454 | Ossuary  | Reached skill level 1 in Air Magic
   454 | Ossuary  | Reached skill level 1 in Earth Magic
   454 | Ossuary  | Reached skill level 1 in Poison Magic
   580 | Ossuary  | Reached XP level 5. HP: 17/47 MP: 5/7
   810 | Ossuary  | Gained mutation: Your magical capacity is low. (-10% MP)
                  | [potion of mutation]
   810 | Ossuary  | Gained mutation: Your magical capacity is very low. (-20%
                  | MP) [potion of mutation]
   810 | Ossuary  | Gained mutation: You possess an exceptional clarity of
                  | mind. [potion of mutation]
   857 | D:5      | Noticed a phantom
   869 | D:4      | Noticed Edmund
   885 | D:4      | HP: 11/47 [Edmund/+2 flail of protection (3)]
   887 | D:4      | HP: 1/47 [Edmund/+2 flail of protection (9)]
   911 | D:4      | Slain by Edmund

Vanquished Creatures
  A water moccasin zombie (Ossuary)
  2 mummies (Ossuary)
  A gnoll (D:4)
  8 adder zombies (Ossuary)
  A goblin (D:4)
  6 gnoll zombies (Ossuary)
  4 hobgoblin zombies (Ossuary)
  7 kobold zombies (Ossuary)
  4 orc zombies (Ossuary)
34 creatures vanquished.

Table legend:
 A = Non-vault XP
 B = Vault XP
 C = Vault XP percentage of total XP
 D = Non-vault monster count
 E = Vault monster count
 F = Vault count percentage of total count
                 A         B        C        D         E       F
            +---------+---------+-------+---------+---------+-------
      Total |      14 |     178 |  92.7 |       1 |      33 |  97.1
            +---------+---------+-------+---------+---------+-------
        D:4 |      14 |       2 |  12.5 |       1 |       1 |  50.0
    Ossuary |       0 |     176 | 100.0 |       0 |      32 | 100.0
            +---------+---------+-------+---------+---------+-------

Illustrated notes

Table legend:
 A = Kills in this place as a percentage of kills in entire the game.
 B = Kills by you in this place as a percentage of kills by you in the entire game.
 C = Kills by friends in this place as a percentage of kills by friends in the entire game.
 D = Other kills in this place as a percentage of other kills in the entire game.
 E = Experience gained in this place as a percentage of experience gained in the entire game.
 F = Experience gained in this place divided by the number of levels of this place that you have seen.
                   A       B       C       D       E      F
               +-------+-------+-------+-------+-------+----------------------
         Total | 100.0 | 100.0 |   N/A |   N/A | 100.0 |  64.0
       Dungeon |   5.9 |   5.9 |   N/A |   N/A |   8.3 |   8.0
       Ossuary |  94.1 |  94.1 |   N/A |   N/A |  91.7 | 176.0
               +-------+-------+-------+-------+-------+----------------------

Table legend: (Time is in decaauts)
 A = Elapsed time spent in this place.
 B = Non-inter-level travel time spent in this place.
 C = Inter-level travel time spent in this place.
 D = Time resting spent in this place.
 E = Time spent auto-exploring this place.
 F = Levels seen in this place.
 G = Mean time per level.
                   A        B        C        D        E       F      G
               +--------+--------+--------+--------+--------+-----+--------+
         Total |    893 |    893 |      0 |      6 |    621 |   3 |  297.7 |
       Dungeon |    136 |    136 |      0 |      6 |     54 |   2 |   68.0 |
       Ossuary |    756 |    756 |      0 |      0 |    567 |   1 |  756.0 |
               +--------+--------+--------+--------+--------+-----+--------+

Top non-repeatable levels by time:
 Ossuary: 756 daAuts
     D:5: 97 daAuts
     D:4: 39 daAuts
